[Event "December 5 Late 2023"]
[Site "https://www.chess.com"]
[Date "2023.12.05"]
[Round "5"]
[White "Kopczynski, Michal"]
[Black "Dubreuil, Julien"]
[Result "1-0"]
[Board "86"]
[TimeControl "180+1"]
[WhiteFideId "1124200"]
[BlackFideId "621285"]
[WhiteElo "2528"]
[BlackElo "2405"]
[WhiteTeam "POL"]
[BlackTeam "FRA"]
[WhiteClock "0:02:01"]
[BlackClock "0:01:05"]

1. e4 c5 2. d4 cxd4 3. c3 Nf6 4. Bd3 dxc3 5. Nxc3 Nc6 6. f4 d6 7. Nf3 e6 8. O-O Be7 9. Kh1 d5 10. e5 Nd7 11. Qe1 Nc5 12. Bb1 d4 13. Ne4 Nxe4 14. Bxe4 g6 15. Bxc6+ bxc6 16. Qe4 Ba6 17. Qxc6+ Kf8 18. Qxa6 Kg7 19. Qd3 Bc5 20. Bd2 Rb8 21. b4 Bb6 22. a4 a5 23. bxa5 Ba7 24. Rab1 Qd5 25. Rxb8 Rxb8 26. Rb1 Rc8 27. h4 h5 28. a6 Qa2 29. Rb7 Bc5 30. Ng5 Rf8 31. a7 Qxa4 32. Nxe6+ Kg8 33. Nxf8 Qd1+ 34. Kh2 1-0

[Event "December 5 Late 2023"]
[Site "https://www.chess.com"]
[Date "2023.12.05"]
[Round "5"]
[White "Chaika, Vitalii"]
[Black "Urbina Perez, Juan Antonio"]
[Result "1-0"]
[Board "87"]
[TimeControl "180+1"]
[WhiteFideId "14111802"]
[BlackFideId "2217368"]
[WhiteElo "2401"]
[BlackElo "2524"]
[WhiteTeam "UKR"]
[BlackTeam "ESP"]
[WhiteClock "0:02:09"]
[BlackClock "0:02:01"]

1. d4 Nf6 2. Bf4 b6 3. e3 Bb7 4. Nf3 g6 5. h3 Bg7 6. Be2 O-O 7. O-O d6 8. a4 a6 9. Nbd2 c5 10. c3 Nc6 11. Bh2 e6 12. Nc4 Ne8 13. Qb3 b5 14. axb5 axb5 15. Qxb5 Qc8 16. Nb6 Rxa1 17. Nxc8 Rxf1+ 18. Bxf1 Bxc8 19. Qxc6 1-0

[Event "December 5 Late 2023"]
[Site "https://www.chess.com"]
[Date "2023.12.05"]
[Round "5"]
[White "Grutter, Tim"]
[Black "Fernandez Bustamante, Leancy B."]
[Result "1/2-1/2"]
[Board "88"]
[TimeControl "180+1"]
[WhiteFideId "1057472"]
[BlackFideId "3523870"]
[WhiteElo "2523"]
[BlackElo "2398"]
[WhiteTeam "NED"]
[BlackTeam "CUB"]
[WhiteClock "0:00:04"]
[BlackClock "0:00:03"]

1. f4 e5 2. fxe5 d6 3. Nf3 dxe5 4. e4 Nc6 5. Bc4 Bc5 6. d3 Nf6 7. Qe2 O-O 8. Be3 Nd4 9. Nxd4 Bxd4 10. c3 Bg4 11. Qf2 Bxe3 12. Qxe3 b5 13. Bb3 Nh5 14. h3 Qh4+ 15. Qf2 Ng3 16. Nd2 Be2 17. Nf1 Bxf1 18. Rxf1 Qg5 19. Rg1 Rad8 20. Rd1 a5 21. Qd2 Qh4 22. Qf2 Qg5 23. Qd2 Qg6 24. a3 a4 25. Ba2 Kh8 26. Qe3 f5 27. exf5 Nxf5 28. Qe2 Ng3 29. Qg4 Qxg4 30. hxg4 e4 31. dxe4 Rxd1+ 32. Kxd1 Rf2 33. Kc1 g6 34. Rd1 Ne2+ 35. Kb1 Rxg2 36. Rd8+ Kg7 37. Rd7+ Kh6 38. Rxc7 Rg1+ 39. Kc2 Nc1 40. Bg8 Kg5 41. Rxh7 Ne2 42. Rg7 Rg2 43. Bf7 Nf4+ 44. Kd1 Kf6 45. Rh7 g5 46. Bd5 Nxd5 47. exd5 Ke5 48. Rb7 Rxg4 49. Rxb5 Rg2 50. c4 g4 51. Rb6 g3 52. Rg6 Rg1+ 53. Kc2 g2 54. Rg5+ Kd6 55. Rg4 Kc5 56. Rg5 Kd6 57. Rg7 Kc5 58. Rg6 Kd4 59. d6 Kxc4 60. d7 Rf1 61. d8=Q Rf2+ 62. Kb1 Rf1+ 63. Ka2 g1=Q 64. Qg8+ Kd3 65. Rxg1 Rf2 66. Qg3+ Ke2 67. Qxf2+ Kd3 68. Rg4 1/2-1/2

[Event "December 5 Late 2023"]
[Site "https://www.chess.com"]
[Date "2023.12.05"]
[Round "5"]
[White "Zakarian, David"]
[Black "Stojanovski, Sandi"]
[Result "1/2-1/2"]
[Board "89"]
[TimeControl "180+1"]
[WhiteFideId "13301276"]
[BlackFideId "1403249"]
[WhiteElo "2391"]
[BlackElo "2522"]
[WhiteTeam "ARM"]
[BlackTeam "DEN"]
[WhiteClock "0:00:06"]
[BlackClock "0:00:07"]

1. e4 d6 2. d4 Nf6 3. Nc3 g6 4. Be3 Bg7 5. Qd2 O-O 6. h3 e5 7. Nf3 Nc6 8. d5 Ne7 9. Bd3 c6 10. dxc6 bxc6 11. O-O d5 12. Bh6 d4 13. Na4 Qd6 14. Bxg7 Kxg7 15. b3 c5 16. Qa5 Nd7 17. Nb2 Nc6 18. Qd2 Nb6 19. a4 a5 20. Bb5 h6 21. Rfe1 f6 22. Rac1 Be6 23. c4 Nb4 24. Rf1 f5 25. exf5 Rxf5 26. Qe2 Raf8 27. Nd2 Qe7 28. Nd3 Nxd3 29. Qxd3 Qh4 30. Bc6 Nc8 31. Be4 Rg5 32. Nf3 Rxf3 33. Qxf3 Bxh3 34. g3 Bd7 35. Rfe1 Nd6 36. Bd5 Qh3 37. Qg2 Qf5 38. Rcd1 Qf6 39. Rd3 Bg4 40. Bf3 Bf5 41. Rd2 h5 42. Rde2 h4 43. Rxe5 hxg3 44. fxg3 Bd3 45. Rxg5 Qxg5 46. Bd5 Bf5 47. Qf3 d3 48. Qf4 Nf7 49. Qxg5 Nxg5 50. Kg2 Kf6 51. Rd1 Ke5 52. Bf3 Kd4 53. Be2 Ke3 54. Bxd3 Bxd3 55. Re1+ Kd4 56. Re7 Kc3 57. Ra7 Ne4 58. Rxa5 Kxb3 59. Ra6 Bxc4 60. Rxg6 Kb4 61. Rg4 Bd5 62. Rf4 c4 63. g4 c3 64. g5 c2 65. Rf1 Kc3 66. g6 Ng5+ 67. Kg3 Kd2 68. Kg4 Ne6 69. Kf5 c1=Q 70. Rxc1 Kxc1 71. Kf6 Kb2 72. g7 Nxg7 73. Kxg7 Ka3 74. a5 Kb4 75. a6 Ba8 76. a7 Kb5 77. Kf8 Kb6 78. Ke8 Kxa7 1/2-1/2

[Event "December 5 Late 2023"]
[Site "https://www.chess.com"]
[Date "2023.12.05"]
[Round "5"]
[White "Khokhlova, Daria"]
[Black "Hadzovic, Amir"]
[Result "1-0"]
[Board "90"]
[TimeControl "180+1"]
[WhiteFideId "24182729"]
[BlackFideId "14402300"]
[WhiteElo "2388"]
[BlackElo "2521"]
[WhiteTeam "FID"]
[BlackTeam "BIH"]
[WhiteClock "0:00:15"]
[BlackClock "0:00:17"]

1. d4 d6 2. Nf3 Nf6 3. c4 g6 4. g3 Bg7 5. Bg2 c6 6. O-O Qa5 7. Nc3 Qh5 8. Re1 Bg4 9. Qd3 Nbd7 10. e4 e5 11. Nd2 O-O 12. Nb3 Bh3 13. Bh1 exd4 14. Nxd4 Ne5 15. Qe2 Nfg4 16. f3 f5 17. Ne6 fxe4 18. Nxe4 Rae8 19. Nxf8 Rxf8 20. fxg4 Bxg4 21. Qc2 Bf3 22. Bf4 Bxh1 23. Kxh1 Nf3 24. Qg2 Nxe1 25. Rxe1 d5 26. cxd5 Qxd5 27. Nc3 Qf7 28. Qd2 b5 29. a3 a5 30. Ne4 Re8 31. Nd6 Rxe1+ 32. Qxe1 Qd5+ 33. Qe4 Qxe4+ 34. Nxe4 Bxb2 35. Bd6 Bd4 36. Kg2 Kf7 37. Kf3 Ke6 38. Ke2 Kd5 39. Kd3 Bb2 40. Bf8 h5 41. Nc3+ Ke6 42. Ne2 Kd5 43. Nf4+ Ke5 44. Nxg6+ Kf6 45. Nf4 Be5 46. Nxh5+ Kg5 47. Nf4 Bf6 48. Bd6 Kf5 49. h4 Bg7 50. Bc5 Be5 51. Ne2 Bc7 52. Be3 Kg4 53. Bf4 Bd8 54. Ng1 Be7 55. Ne2 Bxa3 56. Nd4 c5 57. Nxb5 Bb4 58. Kc4 a4 59. Nc3 a3 60. Na2 Be1 61. Kb3 Bxg3 62. Bxg3 Kxg3 63. h5 Kf4 64. h6 Ke4 65. h7 Kd4 66. h8=Q+ Kd3 67. Qh3+ Kd2 68. Qc3+ Kd1 69. Qxc5 Kd2 70. Qd4+ Ke1 71. Kxa3 Ke2 72. Nc3+ Ke1 73. Qe3+ Kf1 74. Qe2+ Kg1 75. Ne4 Kh1 76. Qf3+ Kg1 77. Kb2 Kh2 78. Kc2 Kg1 79. Kd2 Kh2 80. Ke2 Kg1 81. Qg3+ Kh1 82. Nf2# 1-0

[Event "December 5 Late 2023"]
[Site "https://www.chess.com"]
[Date "2023.12.05"]
[Round "5"]
[White "Shapiro, Viktor"]
[Black "Spichkin, Alexander"]
[Result "1-0"]
[Board "91"]
[TimeControl "180+1"]
[WhiteFideId "4175700"]
[BlackFideId "4144074"]
[WhiteElo "2519"]
[BlackElo "2388"]
[WhiteTeam "RUS"]
[BlackTeam "RUS"]
[WhiteClock "0:00:16"]
[BlackClock "0:00:10"]

1. c4 f5 2. Nc3 Nf6 3. g3 d6 4. Bg2 e5 5. d3 Be7 6. Rb1 O-O 7. b4 Qe8 8. Nf3 Nc6 9. b5 Nd8 10. c5 Ne6 11. cxd6 cxd6 12. Ba3 f4 13. Qb3 Kh8 14. O-O Qh5 15. Nd5 Nxd5 16. Qxd5 fxg3 17. fxg3 Bd7 18. Qxb7 Rad8 19. Bc1 Nc5 20. Qxa7 Bf6 21. Be3 Be6 22. Nd2 Qxe2 23. Bxc5 dxc5 24. Ne4 Qxd3 25. Qxc5 Rc8 26. Qd6 Qxd6 27. Nxd6 Rc2 28. b6 e4 29. b7 Bd4+ 30. Kh1 Rb8 31. Bxe4 Rc7 32. a4 g6 33. Nb5 Rd7 34. Rbd1 Bc4 35. Rfe1 Bxb5 36. axb5 Kg7 37. Bc6 Rdd8 38. Re4 Bf6 39. Rxd8 Rxd8 40. Ra4 Be5 41. Kg2 Kf6 42. Kf3 Bb8 43. Ra8 Ke5 44. h3 h5 45. g4 h4 46. Ra4 Rf8+ 47. Ke2 Kd6 48. Re4 Kc5 49. Re6 g5 50. Rg6 Bf4 51. Kd3 Kb6 52. Ke4 Kc7 53. Kd5 Rd8+ 54. Ke4 Rf8 55. Bd5 Kb8 56. Ra6 Kc7 57. b6+ Kd7 58. Ra8 Bb8 59. Ra4 Kd6 60. Ra5 Rf4+ 61. Ke3 Rf8 62. Bf3 Re8+ 63. Kd3 Rg8 64. Kc4 Rf8 65. Rf5 Rg8 66. Bd5 Ke7 67. Bxg8 Bd6 68. Rxg5 Kf6 69. Rf5+ Kg6 70. Kd5 Bg3 71. Kc6 Kg7 72. Be6 Bh2 73. Kd7 Bf4 74. Kc8 Bg3 75. Bd7 Bb8 76. Rc5 Bd6 77. Rc7 Bc5 78. b8=Q Bxb6 79. Qxb6 1-0

[Event "December 5 Late 2023"]
[Site "https://www.chess.com"]
[Date "2023.12.05"]
[Round "5"]
[White "Figorito, Nick"]
[Black "Pesotskiy, Mikhail"]
[Result "0-1"]
[Board "92"]
[TimeControl "180+1"]
[WhiteFideId "30923689"]
[BlackFideId "34164453"]
[WhiteElo "2387"]
[BlackElo "2519"]
[WhiteTeam "USA"]
[BlackTeam "RUS"]
[WhiteClock "0:00:04"]
[BlackClock "0:01:18"]

1. Nf3 Nf6 2. g3 b6 3. Bg2 Bb7 4. O-O e6 5. c4 Be7 6. Nc3 O-O 7. b3 Ne4 8. Nxe4 Bxe4 9. Bb2 Bf6 10. Qc1 c5 11. d3 Bb7 12. Rb1 Nc6 13. Bxf6 Qxf6 14. Qb2 Qxb2 15. Rxb2 d5 16. cxd5 exd5 17. e3 Rfd8 18. a3 d4 19. exd4 Nxd4 20. Nxd4 Bxg2 21. Kxg2 Rxd4 22. Rd1 Rad8 23. Rbd2 g5 24. h3 Kg7 25. Kf3 f5 26. Ke2 Re8+ 27. Kf3 h5 28. Rb2 Red8 29. Ke2 Kf6 30. b4 c4 31. Rbd2 Re8+ 32. Kf3 g4+ 33. hxg4 hxg4+ 34. Kg2 Red8 35. Rc1 cxd3 36. Rc7 R8d7 37. Rc8 R4d5 38. f4 Ke6 39. Kf2 Kd6 40. Re8 Kc6 41. Ke3 Kb5 42. Re5 Ka4 43. Rxd5 Rxd5 44. Rxd3 Rxd3+ 45. Kxd3 Kxa3 46. Kc4 a5 47. bxa5 bxa5 48. Kd5 a4 49. Ke5 Kb4 50. Kxf5 a3 51. Ke6 a2 52. f5 a1=Q 53. f6 Qe1+ 54. Kd7 Qxg3 55. f7 Qf3 56. Ke8 g3 57. Kf8 g2 58. Kg8 g1=Q+ 59. Kh8 Qh5# 0-1

[Event "December 5 Late 2023"]
[Site "https://www.chess.com"]
[Date "2023.12.05"]
[Round "5"]
[White "Alvarado, Carlos"]
[Black "Rogov, Matfey"]
[Result "1-0"]
[Board "93"]
[TimeControl "180+1"]
[WhiteFideId "3800555"]
[BlackFideId "44191308"]
[WhiteElo "2387"]
[BlackElo "2517"]
[WhiteTeam "PER"]
[BlackTeam "RUS"]
[WhiteClock "0:00:11"]
[BlackClock "0:00:03"]

1. d4 Nf6 2. Nf3 e6 3. a3 d5 4. c4 dxc4 5. Qa4+ Nc6 6. Nc3 Bd7 7. Qxc4 a6 8. Bg5 b5 9. Qd3 Be7 10. Ne5 Nxe5 11. dxe5 Nd5 12. Bxe7 Qxe7 13. e4 Nf4 14. Qe3 Ng6 15. f4 f6 16. exf6 gxf6 17. h4 h5 18. Bd3 Bc6 19. Rc1 O-O-O 20. Ne2 Qd6 21. Rc3 Kb7 22. O-O Rhg8 23. Rfc1 Rg7 24. g3 e5 25. f5 Nf4 26. Rxc6 Qxd3 27. Qxd3 Rxd3 28. Nxf4 exf4 29. Kf2 fxg3+ 30. Ke2 Rb3 31. Rxf6 g2 32. Rg1 Rxb2+ 33. Kf3 Rb3+ 34. Kf4 Rxa3 35. Rg6 Re7 36. R6xg2 Ra4 37. Re2 Rf7 38. Rg6 b4 39. f6 b3 40. Kf5 Ra2 41. Rgg2 Rxe2 42. Rxe2 a5 43. e5 a4 44. e6 Rf8 45. e7 Rh8 46. f7 a3 47. e8=Q b2 48. Qb5+ Kc8 49. Re8+ Rxe8 50. fxe8=Q# 1-0

[Event "December 5 Late 2023"]
[Site "https://www.chess.com"]
[Date "2023.12.05"]
[Round "5"]
[White "YurasovMat-2012"]
[Black "Pasti, Aron"]
[Result "0-1"]
[Board "94"]
[TimeControl "180+1"]
[BlackFideId "785857"]
[WhiteElo "2386"]
[BlackElo "2511"]
[BlackTeam "HUN"]
[WhiteClock "0:00:00"]
[BlackClock "0:00:05"]

1. e4 c5 2. Nf3 e6 3. d3 Nc6 4. Nbd2 g6 5. g3 Bg7 6. Bg2 Nge7 7. O-O O-O 8. c3 d5 9. Qe2 b6 10. Rd1 a5 11. Nf1 Ba6 12. Qc2 Rc8 13. Ne3 d4 14. Nf1 dxc3 15. bxc3 Nb4 16. cxb4 Bxa1 17. b5 Bb7 18. Bf4 Bg7 19. Ne3 Qd7 20. Nc4 Rcd8 21. Nxb6 Qxb5 22. Rb1 Qxd3 23. Qc1 Bxe4 24. Nd2 Bxg2 25. Kxg2 Nd5 26. Bg5 Nxb6 27. Rxb6 Qd5+ 28. Nf3 Rb8 29. Ra6 Ra8 30. Qf1 c4 31. Rb6 Rfb8 32. Qb1 Rxb6 33. Qxb6 Rc8 34. Qa6 Qc6 35. Qxa5 c3 36. Qa3 c2 37. Qc1 h6 38. Be3 Rb8 39. Qa3 Rb1 40. Bc1 Bf8 41. Qe3 Qd5 42. Bd2 Rd1 43. Bc1 Rd3 44. Qf4 Ba3 45. Qb8+ Kh7 0-1

[Event "December 5 Late 2023"]
[Site "https://www.chess.com"]
[Date "2023.12.05"]
[Round "5"]
[White "Bayo Milagro, Alvaro"]
[Black "Akhayan, Ruben"]
[Result "1-0"]
[Board "95"]
[TimeControl "180+1"]
[WhiteFideId "22275240"]
[BlackFideId "204439"]
[WhiteElo "2510"]
[BlackElo "2384"]
[WhiteTeam "ESP"]
[BlackTeam "BEL"]
[WhiteClock "0:00:11"]
[BlackClock "0:00:12"]

1. e4 e5 2. Nc3 Nf6 3. g3 Nxe4 4. Nxe4 d5 5. Nc3 d4 6. Nce2 Qd5 7. f3 Nc6 8. d3 Bb4+ 9. Bd2 Bxd2+ 10. Qxd2 O-O 11. Bg2 Bf5 12. g4 Bg6 13. Ng3 Kh8 14. f4 Qb5 15. f5 Qxb2 16. Qc1 Qc3+ 17. Kd1 Nb4 18. a3 Nxd3 19. cxd3 Qxd3+ 20. Qd2 Qb3+ 21. Qc2 Qe3 22. Be4 d3 23. Qd2 Qd4 24. Rc1 Rad8 25. Nf3 Qa4+ 26. Ke1 Qxa3 27. Kf2 Qa4 28. h4 f6 29. fxg6 hxg6 30. Rxc7 f5 31. gxf5 gxf5 32. Qg5 Qa2+ 33. Kg1 Qg8 34. Qh5+ Qh7 35. Qxh7+ Kxh7 36. Bxf5+ Kh8 37. Kf2 d2 38. Rd1 e4 39. Bxe4 Rf6 40. Ke3 Rfd6 41. Rxd2 1-0

[Event "December 5 Late 2023"]
[Site "https://www.chess.com"]
[Date "2023.12.05"]
[Round "5"]
[White "Marcziter, Dmitrii"]
[Black "Rees, Ioan"]
[Result "1-0"]
[Board "96"]
[TimeControl "180+1"]
[WhiteFideId "13900765"]
[BlackFideId "1801236"]
[WhiteElo "2384"]
[BlackElo "2508"]
[WhiteTeam "GER"]
[BlackTeam "WLS"]
[WhiteClock "0:00:11"]
[BlackClock "0:00:19"]

1. d4 d5 2. c4 e6 3. Nc3 Nf6 4. Bg5 Nbd7 5. cxd5 exd5 6. e3 c6 7. Qc2 Be7 8. Bd3 Nh5 9. Bxe7 Qxe7 10. Nge2 g6 11. O-O-O Nb6 12. Kb1 Bd7 13. Rc1 O-O-O 14. a4 Kb8 15. a5 Nc8 16. Qb3 Nd6 17. Na4 Ka8 18. Nc5 Bc8 19. Nc3 Ng7 20. Ka1 Ne6 21. N3a4 Nxc5 22. Nxc5 h5 23. Rc2 h4 24. h3 Bf5 25. Bxf5 gxf5 26. a6 b6 27. Nd3 Nc4 28. Rhc1 Rhg8 29. Ne5 Nxe5 30. dxe5 c5 31. f4 f6 32. Rd2 fxe5 33. Rxd5 Rxg2 34. Rcd1 Rgg8 35. Rxe5 Qc7 36. Red5 Qc8 37. Qd3 Rde8 38. Kb1 Qc6 39. Rd8+ Rxd8 40. Qxd8+ Qc8 41. Qd5+ Kb8 42. e4 fxe4 43. Qxe4 Rf8 44. Qe5+ Qc7 45. Rd6 Rg8 46. f5 Rg1+ 47. Ka2 Qf7+ 48. b3 Rg2+ 49. Ka3 Qc7 50. Rd8# 1-0

[Event "December 5 Late 2023"]
[Site "https://www.chess.com"]
[Date "2023.12.05"]
[Round "5"]
[White "Kostiukov, Alexandr"]
[Black "Calin, Alexandru"]
[Result "0-1"]
[Board "97"]
[TimeControl "180+1"]
[WhiteFideId "14108100"]
[BlackFideId "1222961"]
[WhiteElo "2373"]
[BlackElo "2508"]
[WhiteTeam "UKR"]
[BlackTeam "ROU"]
[WhiteClock "0:00:30"]
[BlackClock "0:00:30"]

1. g3 d5 2. Bg2 e5 3. c4 dxc4 4. Qa4+ Bd7 5. Qxc4 Nc6 6. Nf3 Nf6 7. O-O Bd6 8. Nc3 O-O 9. d3 a6 10. Bg5 h6 11. Bxf6 Qxf6 12. Ne4 Qe7 13. a3 Be6 14. Qc2 Na5 15. b4 Nc6 16. Rfc1 f5 17. Nc5 Bxc5 18. Qxc5 Qf6 19. b5 axb5 20. Qxb5 e4 21. Ne1 Nd4 22. Qxb7 Nxe2+ 23. Kh1 Nxc1 24. Rxc1 Rab8 25. Qxc7 Rbc8 26. Qf4 Rxc1 27. Qxc1 Rc8 28. Qe3 Qa1 29. Kg1 Qxa3 30. dxe4 Qa1 31. exf5 Bf7 32. f4 Re8 33. Be4 Qa4 0-1

[Event "December 5 Late 2023"]
[Site "https://www.chess.com"]
[Date "2023.12.05"]
[Round "5"]
[White "Baches Garcia, Guillermo"]
[Black "Gutkin, Ilya"]
[Result "1-0"]
[Board "98"]
[TimeControl "180+1"]
[WhiteFideId "2209764"]
[BlackFideId "16203470"]
[WhiteElo "2506"]
[BlackElo "2368"]
[WhiteTeam "ESP"]
[BlackTeam "GER"]
[WhiteClock "0:02:04"]
[BlackClock "0:01:11"]

1. d4 e6 2. Nf3 Nf6 3. Bg5 c5 4. e3 b6 5. Nbd2 Bb7 6. c3 Be7 7. Bd3 O-O 8. Qe2 h6 9. Bxf6 Bxf6 10. O-O-O cxd4 11. exd4 d5 12. g4 Qc8 13. h4 Ba6 14. g5 Be7 15. gxh6 gxh6 16. Rdg1+ Kh8 17. Qe3 Bxd3 18. Qxh6+ Bh7 19. Qg7# 1-0

[Event "December 5 Late 2023"]
[Site "https://www.chess.com"]
[Date "2023.12.05"]
[Round "5"]
[White "Kovalevsky, Stanislav"]
[Black "Skibbe, Willi"]
[Result "1-0"]
[Board "99"]
[TimeControl "180+1"]
[WhiteFideId "13508598"]
[BlackFideId "4682190"]
[WhiteElo "2501"]
[BlackElo "2314"]
[WhiteTeam "FID"]
[BlackTeam "GER"]
[WhiteClock "0:01:53"]
[BlackClock "0:00:00"]

1. e4 e6 2. c4 d5 3. cxd5 exd5 4. exd5 Nf6 5. Bb5+ Nbd7 6. Nc3 Bd6 7. Nf3 O-O 8. O-O a6 9. Ba4 b5 10. Bc2 Bb7 11. d4 h6 12. Qd3 Nb6 13. Ne4 Nxe4 14. Qxe4 f5 15. Qe6+ Kh8 16. Bxf5 Qd7 17. Qxd7 Nxd7 18. Bxd7 Bxd5 19. Ne5 Kh7 20. Bc6 Bxc6 21. Nxc6 Rf6 22. Ne5 Bxe5 23. dxe5 Re6 24. f4 Rd8 25. Be3 Rc6 26. Rac1 Re8 27. Rxc6 Re7 28. Bc5 Rxe5 29. fxe5 1-0

[Event "December 5 Late 2023"]
[Site "https://www.chess.com"]
[Date "2023.12.05"]
[Round "5"]
[White "Polanco Nunez, Yoel Estarling"]
[Black "Mazurkiewicz, Michal"]
[Result "0-1"]
[Board "100"]
[TimeControl "180+1"]
[WhiteFideId "6401783"]
[BlackFideId "1124943"]
[WhiteElo "2289"]
[BlackElo "2500"]
[WhiteTeam "DOM"]
[BlackTeam "POL"]
[WhiteClock "0:00:00"]
[BlackClock "0:01:05"]

1. d4 Nf6 2. c4 e5 3. dxe5 Ng4 4. e3 Nxe5 5. Nh3 d5 6. Qxd5 Qe7 7. Nf4 c6 8. Qd1 Bf5 9. Nc3 Na6 10. e4 g5 11. Nd3 O-O-O 12. Be3 Nxd3+ 13. Bxd3 Nb4 14. exf5 Nxd3+ 15. Ke2 Nxf2 16. Qxd8+ Qxd8 17. Kxf2 Qa5 0-1

[Event "December 5 Late 2023"]
[Site "https://www.chess.com"]
[Date "2023.12.05"]
[Round "5"]
[White "Lin, Bryan Enming"]
[Black "Chlpik, Martin"]
[Result "1-0"]
[Board "101"]
[TimeControl "180+1"]
[WhiteFideId "30987121"]
[BlackFideId "14923351"]
[WhiteElo "2498"]
[BlackElo "2267"]
[WhiteTeam "USA"]
[BlackTeam "SVK"]
[WhiteClock "0:02:36"]
[BlackClock "0:01:50"]

1. e4 c5 2. Nf3 d6 3. d4 cxd4 4. Nxd4 Nf6 5. Nc3 a6 6. h3 e6 7. g4 b5 8. Bg2 Bb7 9. g5 Nfd7 10. O-O Be7 11. a4 b4 12. Na2 Bxg5 13. Nxe6 fxe6 14. Qh5+ g6 15. Qxg5 Qxg5 16. Bxg5 Nc6 17. Rad1 d5 18. exd5 Nce5 19. Rfe1 O-O 20. dxe6 Bxg2 21. Kxg2 Nf3 22. exd7 Nxg5 23. Nxb4 1-0

[Event "December 5 Late 2023"]
[Site "https://www.chess.com"]
[Date "2023.12.05"]
[Round "5"]
[White "Dobre, Claudiu-Cristian"]
[Black "Wieczorek, Zbigniew"]
[Result "1/2-1/2"]
[Board "102"]
[TimeControl "180+1"]
[WhiteFideId "1211854"]
[BlackFideId "1102001"]
[WhiteElo "2496"]
[BlackElo "2220"]
[WhiteTeam "ROU"]
[BlackTeam "POL"]
[WhiteClock "0:00:09"]
[BlackClock "0:00:11"]

1. d4 Nf6 2. Nf3 d5 3. e3 e6 4. Nbd2 Be7 5. Bd3 O-O 6. Qe2 c5 7. c3 b6 8. e4 dxe4 9. Nxe4 Bb7 10. dxc5 bxc5 11. O-O Qb6 12. Nfd2 Nxe4 13. Bxe4 Bxe4 14. Qxe4 Qc6 15. Qxc6 Nxc6 16. Nc4 Rfd8 17. f4 f6 18. Re1 Kf7 19. Be3 Rd3 20. Re2 Rad8 21. Kf2 Rd1 22. Rxd1 Rxd1 23. Rd2 Rxd2+ 24. Nxd2 Na5 25. b3 Nb7 26. Ke2 Ke8 27. Kd3 Kd7 28. Ne4 Kc6 29. a3 a6 30. b4 cxb4 31. cxb4 a5 32. Kc4 axb4 33. axb4 f5 34. Nc3 Nd6+ 35. Kb3 Nb5 36. Nxb5 Kxb5 37. Bd2 Bf6 38. g3 e5 39. fxe5 Bxe5 40. Bc3 Bxc3 41. Kxc3 g5 42. Kb3 h5 43. Kc3 h4 44. gxh4 gxh4 45. h3 f4 46. Kd4 Kxb4 47. Ke4 Kc4 48. Kxf4 Kd4 49. Kg4 Ke5 50. Kxh4 Kf6 51. Kh5 Kg7 52. Kg5 Kh8 53. h4 Kg8 54. h5 Kh8 55. Kh6 Kg8 56. Kg6 Kh8 57. h6 Kg8 58. h7+ Kh8 59. Kh6 1/2-1/2

[Event "December 5 Late 2023"]
[Site "https://www.chess.com"]
[Date "2023.12.05"]
[Round "5"]
[White "Bold, Andre"]
[Black "Jing, Andrew"]
[Result "1-0"]
[Board "103"]
[TimeControl "180+1"]
[WhiteFideId "16208471"]
[BlackFideId "30984076"]
[WhiteElo "2494"]
[BlackElo "2219"]
[WhiteTeam "GER"]
[BlackTeam "USA"]
[WhiteClock "0:00:15"]
[BlackClock "0:00:35"]

1. Nf3 Nf6 2. e3 g6 3. b3 Bg7 4. Bb2 O-O 5. Be2 d6 6. d4 Nc6 7. O-O Re8 8. Na3 a6 9. c4 Nd7 10. Nc2 e5 11. dxe5 Ndxe5 12. Nxe5 Nxe5 13. Nd4 c5 14. Nc2 Nf3+ 15. Bxf3 Bxb2 16. Rb1 Bg7 17. Bd5 Qc7 18. Qf3 Rb8 19. Rfd1 Be6 20. Rd3 Bf5 21. e4 Be6 22. Rbd1 Bxd5 23. Rxd5 Rbd8 24. Ne3 b5 25. g3 Qb6 26. Kg2 Re6 27. R5d2 Qc6 28. Nd5 Bf8 29. Qd3 Qb7 30. f4 Bg7 31. f5 Ree8 32. f6 Bf8 33. h4 h5 34. Re2 Re5 35. Qf3 Rde8 36. Rf1 a5 37. Qd3 b4 38. Rf4 Qa8 39. g4 a4 40. gxh5 Rxh5 41. Qg3 Kh7 42. Rg4 Bh6 43. Ne7 axb3 44. axb3 Qa1 45. Qxd6 Bf8 46. Qf4 Bxe7 47. fxe7 Rxe7 48. Rg5 Rxg5+ 49. hxg5 Kg7 50. e5 Re6 51. Re3 Qb2+ 52. Kg3 Qc1 53. Kf3 Qf1+ 54. Ke4 Qg2+ 55. Kd3 Re8 56. Qf6+ Kg8 57. e6 Rxe6 58. Rxe6 fxe6 59. Qxg6+ Kf8 60. Qf6+ Kg8 61. Qxe6+ Kg7 62. Qf6+ Kg8 63. Qe6+ Kg7 64. Qe5+ Kg6 65. Qd6+ Kh5 66. Qxc5 Qf1+ 67. Kd4 Qf2+ 68. Kd5 Qf3+ 69. Kd6 Qxb3 70. Ke7 Qc3 71. Kf7 Qf3+ 72. Kg7 Qc3+ 73. Kh7 Kh4 74. g6 b3 75. g7 b2 76. Qe7+ Kh3 77. Qe6+ Kh2 78. Qd6+ Kh1 79. Qd1+ Kh2 80. g8=Q Qc1 81. Qb8+ Kh3 82. Qc8+ Kh2 83. Qc7+ Kh3 84. Qcd7+ Kh2 85. Q7d6+ Kh3 86. Qe6+ Kh2 87. Qe5+ Kh3 88. Qf5+ Kh2 89. Qfc2+ Kh3 90. Qcxc1 bxc1=Q 91. Qxc1 Kh2 92. c5 Kg2 93. c6 Kh2 94. c7 Kg2 95. Kg6 Kh2 96. Kf5 Kg2 97. Ke5 Kh2 98. Qf4+ Kg2 99. Ke4 Kh1 100. Qg5 Kh2 101. Kf3 Kh1 102. Qg2# 1-0

[Event "December 5 Late 2023"]
[Site "https://www.chess.com"]
[Date "2023.12.05"]
[Round "5"]
[White "Minko, Dmitry"]
[Black "Keller, Peter"]
[Result "1-0"]
[Board "104"]
[TimeControl "180+1"]
[WhiteFideId "24188468"]
[BlackFideId "1272105"]
[WhiteElo "2486"]
[BlackElo "2201"]
[WhiteTeam "FID"]
[BlackTeam "GER"]
[WhiteClock "0:00:19"]
[BlackClock "0:00:09"]

1. e4 c5 2. Nf3 Nc6 3. d4 cxd4 4. Nxd4 e6 5. Nxc6 bxc6 6. Bd3 d5 7. e5 Ba6 8. O-O Bxd3 9. Qxd3 Ne7 10. Bg5 Qb6 11. Bxe7 Bxe7 12. b3 O-O 13. Nd2 f6 14. Rae1 Rae8 15. Kh1 fxe5 16. Rxe5 Bd6 17. Re2 e5 18. c4 e4 19. Nxe4 Rxe4 20. Rxe4 dxe4 21. Qxd6 e3 22. Qe6+ Kh8 23. Qe7 Kg8 24. c5 Qb5 25. Qe6+ Kh8 26. Qc4 Qxc4 27. bxc4 Rxf2 28. Kg1 e2 29. Kxf2 exf1=Q+ 30. Kxf1 Kg8 31. Ke2 Kf7 32. Ke3 Ke6 33. Ke4 a5 34. g4 g5 35. h3 Kf6 36. Kd4 Ke6 37. Kc3 Ke5 38. Kb3 Kf4 39. Ka4 Kg3 40. Kxa5 Kxh3 41. Kb6 Kxg4 42. a4 Kf4 43. a5 g4 44. a6 g3 45. a7 g2 46. a8=Q g1=Q 47. Qf8+ Ke3 48. Qe7+ Kd3 49. Qxh7+ Kxc4 50. Qe4+ Kb3 51. Kxc6 Qg5 52. Qd5+ Qxd5+ 53. Kxd5 Kb4 54. c6 1-0

[Event "December 5 Late 2023"]
[Site "https://www.chess.com"]
[Date "2023.12.05"]
[Round "5"]
[White "Ventura Bolet, Maxim"]
[Black "Monteiro, Luis Felipe Furtado"]
[Result "0-1"]
[Board "105"]
[TimeControl "180+1"]
[WhiteFideId "22238824"]
[BlackFideId "22702806"]
[WhiteElo "2485"]
[BlackElo "2052"]
[WhiteTeam "ESP"]
[BlackTeam "BRA"]
[WhiteClock "0:00:00"]
[BlackClock "0:01:11"]

1. Nf3 c5 2. e4 d6 3. d4 cxd4 4. Nxd4 Nf6 5. Nc3 a6 6. Bc4 e6 7. O-O Be7 8. Bb3 O-O 9. Re1 b5 10. Qf3 Bb7 11. Qg3 Kh8 12. Bxe6 b4 13. Nd5 Nxd5 14. Bxd5 Bxd5 15. exd5 Bf6 16. Nf5 Re8 17. Bd2 Rxe1+ 18. Rxe1 Nd7 19. Nxd6 Qf8 20. Bxb4 Bxb2 21. c3 a5 22. Qg4 Nf6 23. Qc4 axb4 24. Qxb4 Ba3 25. Nxf7+ Qxf7 26. Qb5 Qxd5 27. Qb6 Bc5 28. Qb2 h6 29. Rf1 Qxa2 30. Qb7 Qd5 0-1

[Event "December 5 Late 2023"]
[Site "https://www.chess.com"]
[Date "2023.12.05"]
[Round "5"]
[White "JERO-8914"]
[Black "Vlassov, Nikolai"]
[Result "0-1"]
[Board "106"]
[TimeControl "180+1"]
[BlackFideId "4103360"]
[WhiteElo "2408"]
[BlackElo "2645"]
[BlackTeam "FID"]
[WhiteClock "0:00:07"]
[BlackClock "0:00:19"]

1. e4 Nc6 2. d4 d5 3. exd5 Qxd5 4. Nf3 Bg4 5. Be2 O-O-O 6. Nc3 Qh5 7. Ne4 Nf6 8. Ng3 Qa5+ 9. Bd2 Qb6 10. O-O Nxd4 11. Nxd4 Qxd4 12. Be3 Qxd1 13. Bxd1 e6 14. f3 Bh5 15. Nxh5 Nxh5 16. c3 Nf6 17. Be2 a6 18. Rfd1 Nd5 19. Bg5 f6 20. Bh4 Bc5+ 21. Kh1 Nf4 22. Bf1 Rxd1 23. Rxd1 Rd8 24. Rxd8+ Kxd8 25. Bg3 Nd5 26. Be1 Kd7 27. Bd2 Kd6 28. g3 Be3 29. Be1 Bc1 30. b3 Bb2 31. c4 Ne3 32. Bd3 h6 33. Bd2 Bd4 34. Bb4+ c5 35. Bd2 Nd1 36. Kg2 Nb2 37. Be4 b5 38. cxb5 axb5 39. Bc2 c4 40. bxc4 bxc4 41. Bc1 Nd3 42. Ba3+ Bc5 43. Bxd3 cxd3 44. Bc1 Bb4 45. a3 d2 0-1